 Dungeon Crawl Stone Soup version 0.23.2-1-ga50397a (webtiles) character file.

Game seed: 6223568428503449600

299 goulibeur the Skirmisher (level 6, -9/56 HPs)
             Began as a Draconian Berserker on May 19, 2019.
             Was a Priest of Trog.
             Killed from afar by an orc wizard (12 damage)
             ... with a puff of frost
             ... on level 4 of the Dungeon.
             The game lasted 00:11:22 (3273 turns).

goulibeur the Skirmisher (Draconian Berserker)      Turns: 3273, Time: 00:11:23

Health: -9/56      AC:  7    Str: 21    XL:     6   Next: 13%
Magic:  6/6        EV: 19    Int:  7    God:    Trog [***...]
Gold:   170        SH:  0    Dex: 16    Spells: 5/5 levels left

rFire    . . .     SeeInvis .   a - +0 falchion
rCold    . . .     Gourm    .   (no shield)
rNeg     . . .     Faith    .   (armour unavailable)
rPois    .         Spirit   .   (helmet restricted)
rElec    .         Reflect  .   (no cloak)
rCorr    .         Harm     .   o - +0 pair of gloves
MR       .....                  (no boots)
Stlth    ++........             (no amulet)
HPRegen  0.18/turn              (no ring)
MPRegen  0.10/turn              (no ring)

@: agile, berserk cooldown, slowed, very slow
A: unfitting armour, cold-blooded, AC +6
a: Berserk, Trog's Hand, Renounce Religion


You were on level 4 of the Dungeon.
You worshipped Trog.
Trog was most pleased with you.
You were very hungry.

You visited 1 branch of the dungeon, and saw 4 of its levels.

You collected 170 gold pieces.

Inventory:

Hand Weapons
 a - a +0 falchion (weapon)
Armour
 o - a +0 pair of gloves (worn)
Scrolls
 c - a scroll of fog {unknown}
 f - a scroll of noise {unknown}
 h - 3 scrolls of teleportation {unknown}
 i - 4 scrolls of blinking {unknown}
 j - a scroll of enchant armour {unknown}
 k - 2 scrolls of remove curse {unknown}
 m - a scroll of magic mapping {unknown}
 p - a scroll of immolation {unknown}
Potions
 d - a potion of ambrosia
 e - a potion of mutation
 l - a potion of degeneration {unknown}
 n - a potion of curing {unknown}
Comestibles
 b - 8 rations


   Skills:
 + Level 5.1 Fighting
 + Level 4.6 Long Blades
 + Level 4.2 Dodging


You had 5 spell levels left.
You didn't know any spells.
Your spell library was empty.

Dungeon Overview and Level Annotations

Branches:
Dungeon (4/15)
 Temple: D:4-7

Altars:
Makhleb
Uskayaw
Zin

Annotations:
D:2 Sigmund


Innate Abilities, Weirdness & Mutations

Your plain brown scales are hard. (AC +6)
You cannot fit into any form of body armour.
You are cold-blooded and may be slowed by cold attacks.


Message History

Something closely misses you.
You miss something. You tail-slap something.
You hear some strange, mumbled words.
A puff of flame appears from out of thin air!
The puff of flame hits you.
* * * LOW HITPOINT WARNING * * *
Something hits you.
* * * LOW HITPOINT WARNING * * *
You hear some strange, mumbled words.
A puff of frost appears from out of thin air!
The puff of frost hits you!
* * * LOW HITPOINT WARNING * * *
You barely miss something. You tail-slap something.
Something closely misses you. Something barely misses you.
You miss something.
Something hits you but does no damage. x2
You miss something. Something hits you but does no damage.
You hear some strange, mumbled words.
A puff of frost appears from out of thin air!
The puff of frost hits you!
You die...

#.#####
#..##.# #.#
#.###.# ###.#
#.# #.# ....#
#.###.###.#
#####
#.......(.# #
#.###.#.###..#
#.......#
###{##### #@#
#.#####)#
#.......#
#########


There were no monsters in sight!

Vanquished Creatures
  A sky beast (D:3)
  2 orc wizards (D:4)
  4 adders
  An ooze (D:4)
  A worm (D:2)
  3 dart slugs
  A leopard gecko (D:2)
  6 orcs (D:4)
  A ball python (D:2)
  9 bats
  2 giant cockroaches
  9 hobgoblins
  6 jackals
  5 kobolds
  A quokka (D:3)
  4 frilled lizards
  13 goblins
  A leopard gecko skeleton (D:4)
  19 rats
89 creatures vanquished.

Notes
Turn   | Place    | Note
-------+----------+-------------------------------------------
     0 | D:1      | goulibeur the Draconian Berserker began the quest for the
                  | Orb.
     0 | D:1      | Reached XP level 1. HP: 19/19 MP: 1/1
   161 | D:1      | Reached XP level 2. HP: 26/26 MP: 2/2
   757 | D:1      | Reached ** piety under Trog
   819 | D:1      | Reached XP level 3. HP: 33/33 MP: 3/3
  1215 | D:2      | Reached skill level 4 in Fighting
  1479 | D:2      | Reached XP level 4. HP: 38/40 MP: 4/4
  1531 | D:2      | Found a burning altar of Makhleb.
  1536 | D:2      | Found a glowing silver altar of Zin.
  1536 | D:2      | Noticed an angel
  1537 | D:2      | Noticed a cacodemon
  1861 | D:2      | Noticed Sigmund
  2084 | D:3      | Noticed a +0 dagger
  2085 | D:3      | Noticed a +0 dagger
  2088 | D:3      | Found a hide-covered altar of Uskayaw.
  2181 | D:3      | Reached *** piety under Trog
  2262 | D:3      | Noticed a sky beast
  2277 | D:3      | Killed a sky beast
  2277 | D:3      | Reached XP level 5. HP: 4/47 MP: 5/5
  2983 | D:4      | Reached skill level 5 in Fighting
  3231 | D:4      | Reached XP level 6. HP: 47/56 MP: 6/6
  3273 | D:4      | Killed from afar by an orc wizard

Skill      XL: |  1  2  3  4  5 |
---------------+----------------+-----
Dodging        | 3 4 |  4.2
Fighting       | 4 5 |  5.1
Long Blades    | 4 |  4.6

Action                   |  1- 3 |  4- 6 || total
-------------------------+-------+-------++-------
Melee: Falchion          |   125 |   129 ||   254
       Tailslap          |    14 |    18 ||    32
Invok: Berserk           |       |     3 ||     3
       Trog's Hand       |       |     1 ||     1
  Use: Scroll            |     3 |       ||     3
       Potion            |       |     2 ||     2
 Stab: Sleeping          |     1 |     4 ||     5
  Eat: Chunk             |     2 |     8 ||    10
Armor: Skin              |    35 |    33 ||    68
Dodge: Dodged            |    86 |    64 ||   150
       Rpst.: Falchion   |    24 |    20 ||    44
